Map: Ever Dream LE

Players

Hydra

  • Race: Zerg Zerg
  • Spawn Location: 7:00

csdemons - Winner!

  • Race: Protoss Protoss
  • League: Gold
  • Spawn Location: 1:00

VOD

Have the link to the VOD?

Description

Time

  • Played on: Sept. 18, 2020, 4:14 p.m.
  • Length: 11:06
Show
View Real Time Build Order
Export as new Build Order

Hydra Zerg 

Build Orders: Hatch First 

Get SALT Encoding   

  12  0:02  Drone  
  13  0:13  Overlord  
  13  0:17  Drone  
  14  0:24  Drone, Extractor  
  15  0:32  Drone  
  16  0:44  Drone  
  17  1:01  Hatchery  
  16  1:10  Spawning Pool  
  15  1:14  Extractor  
  14  1:20  Drone  
  14  1:21  Drone x2  
  17  1:36  Drone  
  18  1:45  Overlord  
  18  1:58  Queen  
  20  2:02  Drone  
  21  2:09  Drone, Extractor  
  21  2:16  Drone  
  21  2:20  Metabolic Boost  
  22  2:23  Drone  
  22  2:29  Queen  
  25  2:31  Drone  
  26  2:51  Zergling x4  
  27  2:58  Overlord x4  
  28  3:15  Queen  
  28  3:19  Zergling x2  
  31  3:20  Zergling x10  
  36  3:39  Roach Warren  
  36  3:40  Drone  
  36  3:42  Zergling x2  
  36  3:46  Zergling x6  
  40  4:07  Zergling x8  
  40  4:08  Zergling x2  
  45  4:31  Overlord x2  
  45  4:32  Zergling x2  
  45  4:33  Zergling x2  
  42  5:20  Zergling x10  
  42  5:21  Zergling x8  
  37  5:43  Zergling x8  
  41  6:03  Zergling x2  
  41  6:04  Zergling x4  
  44  6:13  Zergling x4  
  46  6:31  Zergling x14  
  40  7:02  Zergling x2  
  40  7:03  Zergling x16  
  37  7:17  Roach  
  37  7:18  Roach x4  
  47  7:26  Lair  
  47  7:43  Zergling x2  
  51  7:44  Zergling x12  
  51  7:51  Hatchery  
  53  7:53  Hatchery  
  52  8:01  Zergling x8  
  40  8:36  Roach x2  
  34  9:18  Roach  
  34  9:19  Roach x12  
  60  9:38  Spire  
  55  9:56  Roach  
  55  9:57  Roach x3  
  61  10:00  Roach  
  49  10:18  Overseer  
  45  10:22  Overlord x2  
  45  10:26  Overlord  
  33  10:30  Zergling x2  
  33  10:34  Zergling x2  
Show
View Real Time Build Order
Export as new Build Order

csdemons Protoss - Winner!

Build Orders:  

Get SALT Encoding   

  12  0:05  Probe (Chrono Boost)  
  13  0:18  Pylon  
  13  0:19  Probe (Chrono Boost)  
  14  0:26  Assimilator  
  14  0:31  Probe  
  15  0:41  Gateway  
  15  0:45  Probe  
  16  0:57  Probe  
  17  1:07  Gateway  
  17  1:09  Probe (Chrono Boost)  
  18  1:29  Cybernetics Core  
  18  1:47  Probe  
  18  1:52  Assimilator  
  19  1:59  Probe  
  20  2:01  Gateway  
  20  2:05  Stalker (Chrono Boost)  
  22  2:11  Probe  
  22  2:15  Pylon  
  23  2:21  Pylon  
  23  2:33  Stalker x2  
  27  2:48  Stalker  
  29  2:55  Gateway  
  29  3:00  Warp Gate  
  29  3:02  Gateway  
  29  3:06  Probe  
  29  3:12  Stalker  
  32  3:16  Sentry  
  34  3:26  Adept  
  36  3:34  Probe  
  37  3:42  Zealot  
  39  3:49  Pylon  
  39  4:08  Zealot  
  41  4:36  Nexus  
  41  4:38  Pylon  
  37  4:58  Zealot  
  37  4:59  Zealot x3  
  35  5:02  Zealot  
  23  5:28  Zealot x2  
  23  5:29  Zealot x2  
  30  5:38  Zealot  
  32  5:48  Probe (Chrono Boost)  
  33  5:53  Probe (Chrono Boost)  
  33  5:54  Shield Battery  
  35  5:58  Probe (Chrono Boost)  
  35  6:03  Twilight Council  
  35  6:04  Probe (Chrono Boost)  
  35  6:10  Shield Battery  
  36  6:16  Assimilator  
  36  6:21  Stalker  
  38  6:26  Zealot  
  38  6:31  Zealot  
  42  6:37  Zealot  
  42  6:45  Shield Battery  
  42  6:47  Probe (Chrono Boost), Charge (Chrono Boost)  
  43  6:59  Probe (Chrono Boost)  
  44  7:10  Zealot x2  
  44  7:11  Zealot  
  50  7:22  Shield Battery  
  50  7:23  Probe  
  51  7:34  Shield Battery  
  51  7:35  Probe  
  51  7:36  Probe  
  53  7:47  Probe (Chrono Boost)  
  53  7:48  Robotics Facility, Probe (Chrono Boost)  
  55  7:59  Probe (Chrono Boost)  
  55  8:03  Stalker x2  
  60  8:08  Probe (Chrono Boost)  
  60  8:12  Dark Shrine  
  61  8:14  Probe  
  62  8:31  Stalker x2  
  62  8:32  Stalker  
  66  8:43  Stalker x2  
  70  8:50  Pylon  
  70  8:54  Assimilator  
  70  8:56  Pylon  
  70  9:09  Observer  
  71  9:18  Probe (Chrono Boost)  
  72  9:28  Probe (Chrono Boost)  
  72  9:29  Dark Templar x4  
  72  9:30  Observer, Dark Templar  
  84  9:39  Gateway  
  84  9:40  Pylon  
  62  10:31  Dark Templar x4  
  62  10:32  Dark Templar  
Tags
 
League
Gold
Matchup
PvZ
Replay Pack
test
Spawn Locations
Cross Positions
Add a new tag
Caveats
  • Supply blocks, unpowered buildings, or Contaminate may cause inaccurate times.
  • Supply counts are checked every 10 seconds.